Map: Scythe of Amon

Players

ZPR

  • Race: Zerg Zerg
  • League: Master
  • Spawn Location: 5:00

zpr

  • Race: Terran Terran
  • Spawn Location: 5:00

VOD

Have the link to the VOD?

Description

Time

  • Played on: March 3, 2018, 8:44 a.m.
  • Length: 11:23
Show
View Real Time Build Order
Export as new Build Order

ZPR Zerg 

Build Orders:  

Get SALT Encoding   

  12  0:03  Drone  
  13  0:11  Drone  
  14  0:24  Overlord  
  14  0:36  Drone, Extractor  
  14  0:42  Extractor  
  14  0:43  Drone  
  14  0:49  Drone  
  15  1:01  Drone  
  16  1:16  Drone  
  17  1:26  Pneumatized Carapace  
  17  1:31  Drone  
  17  1:38  Spawning Pool  
  17  1:46  Drone  
  18  2:03  Drone  
  18  2:08  Lair  
  19  2:16  Drone  
  20  2:27  Evolution Chamber  
  19  2:31  Drone  
  20  2:46  Drone  
  21  3:01  Overlord  
  21  3:10  Nydus Network  
  21  3:12  Heroic Fortitude  
  20  3:20  Queen  
  20  3:28  Drone  
  23  3:33  Drone  
  23  3:37  Chain Reaction  
  24  3:46  Drone  
  25  4:13  Hive  
  25  4:15  Omega Worm  
  25  4:33  Zerg Melee Weapons Level 1  
  25  4:35  Metabolic Boost  
  25  4:42  Zergling x6  
  25  4:48  Overlord  
  28  4:59  Hardened Carapace  
  28  5:00  Zergling x4  
  28  5:09  Overlord x2  
  30  5:17  Hydralisk Den  
  29  5:23  Adrenal Overload  
  29  5:25  Omega Worm  
  29  5:47  Shredding Claws  
  29  5:50  Zergling x10  
  34  6:00  Ability Efficiency  
  34  6:03  Frenzy  
  34  6:15  Zergling x6  
  37  6:21  Zergling x14  
  37  6:22  Zergling x12  
  37  6:23  Zergling x4  
  37  6:24  Zergling x2  
  37  6:26  Zergling x2  
  37  6:28  Zergling  
  37  6:29  Zergling x6  
  39  6:33  Zergling x2  
  39  6:35  Zergling  
  39  6:40  Zergling x11  
  39  6:48  Zerg Melee Weapons Level 2  
  39  6:54  Zergling x4  
  39  6:55  Zergling x6  
  43  7:08  Zergling x2  
  43  7:09  Omega Worm  
  44  7:18  Zergling x2  
  44  7:19  Zergling x19  
  44  7:20  Zergling x20  
  44  7:21  Zergling x5  
  44  7:22  Zergling x3  
  44  7:23  Zergling  
  44  7:24  Overlord, Zergling  
  44  7:25  Zergling  
  44  7:26  Zergling  
  44  7:27  Zergling  
  44  7:28  Zergling x2  
  44  7:30  Zergling  
  44  7:31  Zergling x2  
  44  7:32  Zergling  
  44  7:33  Zergling  
  44  7:35  Zergling  
  44  7:36  Zergling  
  44  7:51  Zergling x10  
  44  7:52  Zergling x2  
  49  8:08  Zerg Melee Weapons Level 3  
  49  8:15  Overlord  
  49  8:31  Omega Worm  
  49  8:36  Overlord x2  
  53  8:40  Hydralisk x2  
  53  8:42  Zergling x6  
  53  8:43  Zergling x20  
  53  8:44  Zergling x17  
  53  8:45  Zergling x3  
  53  8:46  Zergling  
  53  8:47  Zergling  
  53  8:49  Zergling x5  
  55  8:50  Zergling  
  55  8:54  Zergling x9  
  55  8:55  Zergling x4  
  55  8:56  Zergling x3  
  55  8:57  Zergling x8  
  55  8:58  Zergling x18  
  55  8:59  Zergling x15  
  55  9:00  Zergling x11  
  55  9:01  Zergling x7  
  55  9:02  Zergling x6  
  55  9:03  Zergling x5  
  55  9:04  Zergling x5  
  55  9:05  Zergling  
  55  9:06  Zergling  
  55  9:07  Zergling x4  
  55  9:10  Zergling x3  
  55  9:11  Zergling x22  
  55  9:12  Zergling x14  
  55  9:13  Zergling x2  
  55  9:14  Zergling  
  55  9:15  Zergling  
  55  9:16  Zergling x2  
  55  9:17  Zergling x21  
  55  9:18  Zergling x4  
  60  9:22  Hydralisk x2  
  60  9:23  Hydralisk x2  
  60  9:27  Zergling x2  
  59  9:39  Zergling x10  
  63  9:42  Zergling x5  
  63  9:43  Zergling x8  
  63  9:44  Zergling x11  
  63  9:45  Zergling x10  
  63  9:46  Zergling x12  
  63  9:47  Zergling x19  
  63  9:48  Zergling x13  
  63  9:49  Zergling x2  
  64  9:50  Zergling x4  
  64  9:51  Zergling x5  
  64  9:52  Zergling x5  
  64  9:55  Hydralisk, Zergling x6  
  64  9:57  Zergling x2  
  64  10:00  Zergling  
  64  10:01  Zergling x11  
  64  10:02  Zergling x3  
  64  10:03  Zergling x2  
  64  10:04  Omega Worm, Zergling x3  
  64  10:05  Zergling x31  
  64  10:06  Zergling x7  
  64  10:07  Zergling x15  
  64  10:08  Zergling x5  
  64  10:09  Zergling x8  
  62  10:10  Zergling x4  
  64  10:11  Zergling  
Show
View Real Time Build Order
Export as new Build Order

zpr Terran 

Build Orders:  

Get SALT Encoding   

Tags
 
League
Master
Matchup
Co-op
Replay Pack
Co-op Speedrun
Add a new tag
Caveats
  • Supply blocks, unpowered buildings, or Contaminate may cause inaccurate times.
  • Supply counts are checked every 10 seconds.